 Dungeon Crawl Stone Soup version 0.27-a0-637-g3a9f0a9c12 (webtiles) character file.

Game seed: 1742693779176311836

503 Leibowitz the Poker (level 7, -2/52 HPs)
             Began as a Merfolk Gladiator on Mar 14, 2021.
             Killed by divine providence
             ... invoked by an orc priest
              (10 damage)
             ... on level 3 of the Dungeon.
             The game lasted 00:03:45 (3062 turns).

Leibowitz the Poker (Merfolk Gladiator)             Turns: 3062, Time: 00:03:45

Health: -2/52      AC:  6    Str: 14    XL:     7   Next: 17%
Magic:  7/7        EV: 14    Int:  7    God:
Gold:   57         SH:  0    Dex: 18    Spells: 6/6 levels left

rFire    . . .     SeeInvis .   a - +0 trident
rCold    . . .     Faith    .   (no shield)
rNeg     . . .     Spirit   .   b - +0 leather armour
rPois    .         Reflect  .   c - +0 helmet
rElec    .         Harm     .   o - +0 cloak
rCorr    .         Rampage  .   (no gloves)
Will     .....                  q - +0 pair of boots
Stlth    ++........             (no amulet)
HPRegen  0.17/turn              (no ring)
MPRegen  0.10/turn              (no ring)

@: no status effects
A: (nimble swimmer 2), mertail
a: no special abilities


You were on level 3 of the Dungeon.
You visited 1 branch of the dungeon, and saw 3 of its levels.

You collected 57 gold pieces.

Inventory:

Hand Weapons
 a - a +0 trident (weapon)
Missiles
 d - 2 throwing nets (quivered)
Armour
 b - a +0 leather armour (worn)
 c - a +0 helmet (worn)
 o - a +0 cloak (worn)
 q - a +0 pair of boots (worn)
Jewellery
 r - a ring of poison resistance
Wands
 m - a wand of mindburst (15)
Scrolls
 e - 2 scrolls of enchant armour {unknown}
 f - 2 scrolls of teleportation {unknown}
 g - 2 scrolls of enchant weapon {unknown}
 h - 3 scrolls of identify {unknown}
 j - a scroll of random uselessness {unknown}
 n - a scroll of fear {unknown}
Potions
 k - a potion of magic {unknown}
 l - a potion of flight {unknown}
 p - a potion of lignification {unknown}
 s - a potion of resistance {unknown}
 t - a potion of curing {unknown}


   Skills:
 + Level 3.3 Fighting
 + Level 7.8 Polearms
 + Level 2.2 Throwing
 + Level 2.5 Armour
 + Level 5.6 Dodging
 + Level 1.6 Stealth


You had 6 spell levels left.
You didn't know any spells.
Your spell library was empty.

Dungeon Overview and Level Annotations

Branches:
Dungeon (3/15)

Altars:
Nemelex Xobeh
The Shining One

Annotations:
D:2 Natasha


Innate Abilities, Weirdness & Mutations

((You are quick and stealthy while swimming. (Stealth+, EV+, Speed+++)))
Your lower body shifts to a powerful aquatic tail in water.


Message History

You hit the orc.
The orc is severely wounded.
The orc closely misses you.
You closely miss the orc.
The orc is severely wounded.
The orc hits you but does no damage.
You hit the orc but do no damage.
The orc is severely wounded.
The orc priest hits you with a +0 whip. The orc barely misses you.
The orc closely misses you.
You closely miss the orc priest. The orc priest hits you with a +0 whip.
The orc hits you with a +0 dagger.
You puncture the orc priest!
The orc priest is severely wounded.
The orc barely misses you. The orc priest hits you with a +0 whip.
The orc closely misses you. x2
You hit the orc priest.
The orc priest is almost dead.
The orc hits you from afar with a +0 trident.
The orc closely misses you.
The orc priest mumbles some strange prayers to Beogh against you.
Beogh smites you!
* * * LOW HITPOINT WARNING * * *
The orc misses you.
You closely miss the orc priest.
The orc priest is almost dead.
The orc priest misses you. The orc hits you but does no damage.
The orc closely misses you.
You closely miss the orc priest.
The orc priest is almost dead.
The orc barely misses you. The orc priest barely misses you.
The orc barely misses you.
The orc hits you from afar with a +0 trident.
* * * LOW HITPOINT WARNING * * *
It was a potion of cancellation.
You feel magically purged.
The orc hits you from afar with a +0 trident.
* * * LOW HITPOINT WARNING * * *
The orc priest invokes the aid of Beogh against you.
Beogh smites you!
You die...

###..### ##...^..#
#.....# ##......##
#..###.###..#.#..#
#.# #......#......#
.......#÷####...##.#
..#######....#..##
..# .# ####...## .#
###....####..
########.@o#.......
#†....#.o##o.......
#.......o.)..##...
#......####.## ...
#.....## #oo......
#.....# ...##....
#..>..# #o#.# ..
####### oo .# ... ##


You could see an orc priest and 3 orcs.

Vanquished Creatures
  Grinder (D:3)
  Sigmund (D:2)
  Natasha (twice) (D:2)
  Terence (D:2)
  2 adders (D:2)
  An ooze (D:1)
  A worm (D:2)
  2 dart slugs
  A leopard gecko (D:1)
  An orc (D:3)
  6 goblins
  11 hobgoblins
  3 jackals (D:2)
  2 quokkas
  5 bats
  6 frilled lizards
  5 kobolds
  7 rats
58 creatures vanquished.

Notes
Turn   | Place    | Note
-------+----------+-------------------------------------------
     0 | D:1      | Leibowitz the Merfolk Gladiator began the quest for the
                  | Orb.
     0 | D:1      | Reached XP level 1. HP: 16/16 MP: 1/1
    99 | D:1      | Reached XP level 2. HP: 17/23 MP: 2/2
   234 | D:1      | Reached skill level 5 in Polearms
   708 | D:1      | Reached XP level 3. HP: 28/28 MP: 3/3
   940 | D:2      | Noticed Terence
   960 | D:2      | Killed Terence
   961 | D:2      | Reached XP level 4. HP: 27/34 MP: 4/4
  1584 | D:2      | Noticed Natasha
  1584 | D:2      | Noticed Sigmund
  1622 | D:2      | Killed Natasha
  1623 | D:2      | Reached skill level 6 in Polearms
  1623 | D:2      | Reached skill level 1 in Armour
  1643 | D:2      | Killed Sigmund
  1644 | D:2      | Reached skill level 7 in Polearms
  1644 | D:2      | Reached skill level 5 in Dodging
  1644 | D:2      | Reached XP level 5. HP: 7/41 MP: 5/5
  1644 | D:2      | Reached XP level 6. HP: 9/47 MP: 6/6
  1912 | D:2      | Found a sparkling altar of Nemelex Xobeh.
  1912 | D:2      | Found a glowing golden altar of the Shining One.
  2063 | D:2      | Noticed Natasha
  2082 | D:2      | Killed Natasha
  2555 | D:2      | Noticed Natasha
  2784 | D:3      | Noticed Grinder
  2811 | D:3      | Killed Grinder
  2812 | D:3      | Reached skill level 1 in Stealth
  2812 | D:3      | Reached XP level 7. HP: 17/52 MP: 7/7
  3062 | D:3      | Killed from afar by an orc priest

Illustrated notes

Levels and vault maps discovered:
D:1:      lemuel_arrival_muddy, layout_basic
D:2:      layout_rooms, gammafunk_temple_overflow_pools,
          serial_co_window_serial, co_window_paths_a, co_window_paths_b,
          co_window_paths_b, co_window_paths_a, co_window_paths_b,
          co_window_of_opportunity_c, co_window_unsneaky_path_c,
          co_window_corner_cb, co_window_broadway_c, co_window_corner_b,
          co_window_paths_e, glass_columns_a, uniq_natasha, uniq_sigmund,
          uniq_terence
D:3:      layout_rooms, uniq_crazy_yiuf_cottage, uniq_grinder

Skill      XL: |  1  2  3  4  5  6 |
---------------+-------------------+-----
Polearms       | 5 7 |  7.8
Armour         | 2 |  2.5
Fighting       | 3 |  3.3
Dodging        | 5 |  5.6
Stealth        | 1 |  1.6
Throwing       | |  2.2

Action                   |  1- 3 |  4- 6 |  7- 9 || total
-------------------------+-------+-------+-------++-------
Melee: Trident           |   107 |   104 |    12 ||   223
Throw: Throwing net      |       |     3 |       ||     3
  Use: Potion            |       |       |     1 ||     1
 Stab: Held in net/web   |       |     3 |       ||     3
       Sleeping          |       |     1 |     1 ||     2
Armor: Leather armour    |    34 |    24 |     1 ||    59
Dodge: Dodged            |    85 |    67 |    16 ||   168

Table legend: (Time is in decaauts)
 A = Elapsed time spent in this place.
 B = Non-inter-level travel time spent in this place.
 C = Inter-level travel time spent in this place.
 D = Time resting spent in this place.
 E = Time spent auto-exploring this place.
 F = Levels seen in this place.
 G = Mean time per level.
                   A        B        C        D        E       F      G
               +--------+--------+--------+--------+--------+-----+--------+
         Total |   3070 |   2842 |    228 |    461 |   1854 |   3 | 1023.3 |
       Dungeon |   3070 |   2842 |    228 |    461 |   1854 |   3 | 1023.3 |
               +--------+--------+--------+--------+--------+-----+--------+

Top non-repeatable levels by time:
     D:2: 1825 daAuts
     D:1: 920 daAuts
     D:3: 324 daAuts
